 Dungeon Crawl Stone Soup version 0.28.0 (webtiles) character file.

Game seed: 2860039515290309636

3535 Acetwo5 the Basher (level 9, -7/89 HPs)
             Began as a Minotaur Fighter on Feb 9, 2022.
             Was a Follower of Okawaru.
             Succumbed to a death drake's dark miasma
             ... on level 8 of the Dungeon.
             The game lasted 00:14:15 (8856 turns).

Acetwo5 the Basher (Minotaur Fighter)               Turns: 8856, Time: 00:14:16

Health: -7/89      AC: 15    Str: 25    XL:     9   Next: 82%
Magic:  16/17      EV:  6    Int:  8    God:    Okawaru [*.....]
Gold:   310        SH:  4    Dex: 10    Spells: 8/8 levels left

rFire   + + .      SeeInvis .   k - +7 dagger of Anger {vorpal, rF++ Int+3}
rCold   . . .      Faith    .   c - +0 buckler
rNeg    . . .      Spirit   .   C - +0 plate armour
rPois   .          Reflect  .   (helmet unavailable)
rElec   .          Harm     .   e - +0 cloak
rCorr   .          Rampage  .   r - +0 pair of gloves
Will    .....      Rnd*Tele +   (no boots)
Stlth   ..........              w - amulet of regeneration
HPRegen 1.04/turn               h - ring of magical power
MPRegen 0.15/turn               z - ring of flight

@: lethally poisoned (-7 -> -40), flying, slowed, studying Conjurations, unable
to read, very slow
A: horns 3, retaliatory headbutt, teleportitis 1, inability to read while
threatened
a: Renounce Religion, Heroism


You were on level 8 of the Dungeon.
You worshipped Okawaru.
Okawaru was aware of your devotion.
You visited 2 branches of the dungeon, and saw 9 of its levels.
You also visited: Sewer.

You collected 310 gold pieces.

Inventory:

Hand Weapons
 a - a +0 flail
 k - the +7 dagger of Anger (weapon) {vorpal, rF++ Int+3}
   (You found it on level 2 of the Dungeon)

   It inflicts extra damage upon your enemies.
   Int:       It affects your intelligence (+3).
   rF:        It greatly protects you from fire.
 v - a +0 dire flail of draining
Missiles
 s - 2 boomerangs (quivered)
Armour
 c - a +0 buckler (worn)
 e - a +0 cloak (worn)
 r - a +0 pair of gloves (worn)
 A - the +0 pair of boots of Niabah {Harm rElec Int+4 Dex-2}
   (You found it on level 6 of the Dungeon)

   Int:       It affects your intelligence (+4).
   Dex:       It affects your dexterity (-2).
   rElec:     It insulates you from electricity.
   Harm:      It increases damage dealt and taken.
 C - a +0 plate armour (worn)
Jewellery
 h - a ring of magical power (left hand)
 w - an amulet of regeneration (around neck)
 z - a ring of flight (right hand)
Scrolls
 f - a scroll of enchant weapon
 i - 2 scrolls of teleportation {unknown}
 m - a scroll of enchant armour
 n - 2 scrolls of noise
 o - a scroll of amnesia
 p - a scroll of magic mapping
 y - 2 scrolls of blinking
 B - 2 scrolls of summoning {unknown}
 D - 3 scrolls of identify
 E - a scroll of immolation {unknown}
 F - a scroll of torment {unknown}
Potions
 d - a potion of might
 g - a potion of invisibility {unknown}
 j - a potion of cancellation {unknown}
 l - 2 potions of brilliance
 q - 2 potions of degeneration {unknown}
 t - 2 potions of lignification {unknown}
 u - a potion of resistance {unknown}


   Skills:
 - Level 11.0 Fighting
 + Level 12.1 Maces & Flails
 + Level 7.0 Armour
 - Level 3.6 Shields


You had 8 spell levels left.
You didn't know any spells.
Your spell library contained the following spells:

 Spells                   Type           Power      Damage    Failure   Level
 Blink                    Tloc           0%         N/A       100%        2
 Lesser Beckoning         Tloc           0%         N/A       100%        3
 Manifold Assault         Tloc           0%         N/A       100%        5


Dungeon Overview and Level Annotations

Branches:
Dungeon (8/15)             Temple (1/1) D:6           Sewer (visited)
   Lair: D:8-11

Altars:
Ashenzari
Cheibriados
Dithmenos
Elyvilon
Fedhas
Gozag
Kikubaaqudgha
Makhleb
Nemelex Xobeh
Okawaru
Qazlal
Ru
Sif Muna
Uskayaw
Vehumet
Wu Jian
Xom
Yredelemnul
Zin
The Shining One

Shops:
D:6 [


Innate Abilities, Weirdness & Mutations

You have a pair of large horns on your head.
You reflexively headbutt those who attack you in melee.
You are occasionally teleported next to monsters.
You sometimes lose the ability to read scrolls when taking damage.


Message History

The floating eye looks more healthy.
The floating eye changes into a death drake!
Your base Armour skill increases to level 7!
You miss the death drake. Your headbutt misses the death drake.
The death drake is moderately wounded.
The death drake bites you but does no damage.
Unknown command.
You puncture the death drake! Your headbutt misses the death drake.
The death drake is moderately wounded.
The death drake barely misses you.
The death drake bites you but does no damage.
You hit the death drake.
The death drake is heavily wounded.
The death drake breathes miasma at you.
The foul vapour engulfs you but does no damage.
Unknown command.
You barely miss the death drake.
The death drake is heavily wounded.
You are engulfed in dark miasma.
You are poisoned.
You feel threatened and lose the ability to read scrolls!
You can read scrolls again.
You feel extremely sick. The death drake barely misses you.
You furiously retaliate!
You headbutt the death drake. You block the death drake's attack.
You puncture the death drake!
The death drake is heavily wounded.
You are engulfed in dark miasma.
You are lethally poisoned!
* * * LOW HITPOINT WARNING * * *
x2 You feel extremely sick.
You block the death drake's attack.
You puncture the death drake! Your headbutt misses the death drake.
The death drake is severely wounded.
You are engulfed in dark miasma.
You are more poisoned.
You feel threatened and lose the ability to read scrolls!
* * * LOW HITPOINT WARNING * * *
You feel like a meek peon again.
You die...

#.. ....
....##########
...<......○..
...........####
........G°°...#
#........°##)#
#.......°.##@#
#...c......k.#
###.#+#...####
.. #....... ...
#....### ..
#....# . ####.#
.# #


You could see a death drake shaped shifter.

Vanquished Creatures
  Sigmund (D:4)
  2 steam dragons
  Edmund (D:4)
  2 water moccasins
  A necrophage (D:7)
  2 ice beasts
  2 sky beasts
  4 centaurs
  3 ogres
  2 phantoms
  A kobold brigand (Sewer)
  4 scorpions
  A water moccasin zombie (D:6)
  7 howler monkeys
  4 hounds
  6 orc priests
  A bullfrog skeleton (D:6)
  3 jellies
  2 iguanas
  6 orc wizards
  A killer bee zombie (D:7)
  A hound zombie (D:5)
  12 gnolls
  8 adders
  4 river rats (Sewer)
  2 ufetubi
  4 worms
  2 dart slugs (D:4)
  23 orcs
  12 ball pythons
  4 endoplasms
  4 giant cockroaches
  6 goblins
  2 hobgoblins
  6 jackals (Sewer)
  12 kobolds
  7 quokkas
  7 frilled lizards
  6 rats
178 creatures vanquished.

Vanquished Creatures (others)
  2 orcs (D:8)
  5 plants (Sewer)
7 creatures vanquished.

Grand Total: 185 creatures vanquished

Notes
Turn   | Place    | Note
-------+----------+-------------------------------------------
     0 | D:1      | Acetwo5 the Minotaur Fighter began the quest for the Orb.
     0 | D:1      | Reached XP level 1. HP: 19/19 MP: 0/0
   707 | D:1      | Found a faded altar of an unknown god.
   845 | D:2      | Reached XP level 2. HP: 24/27 MP: 1/1
   849 | D:2      | Reached skill level 3 in Maces & Flails
   854 | D:2      | Identified the +7 dagger of Anger {vorpal, rF++ Int+3}
  1074 | D:2      | Reached XP level 3. HP: 31/34 MP: 2/2
  1335 | D:2      | Reached skill level 4 in Maces & Flails
  1461 | D:2      | Reached XP level 4. HP: 41/41 MP: 3/3
  1566 | D:2      | Reached skill level 5 in Fighting
  2379 | D:3      | Reached XP level 5. HP: 33/48 MP: 4/4
  2391 | D:3      | Reached skill level 5 in Maces & Flails
  3034 | D:4      | Noticed a centaur
  3034 | D:4      | Noticed a centaur
  3041 | D:4      | Killed a centaur
  3042 | D:4      | Reached XP level 6. HP: 42/58 MP: 5/5
  3051 | D:4      | Reached skill level 6 in Maces & Flails
  3540 | D:4      | Noticed Sigmund
  3550 | D:4      | Killed Sigmund
  3551 | D:4      | Reached skill level 7 in Maces & Flails
  3551 | D:4      | Reached XP level 7. HP: 14/67 MP: 6/6
  4034 | D:4      | Noticed Edmund
  4051 | D:4      | Killed Edmund
  4878 | D:5      | Entered Level 5 of the Dungeon
  4964 | D:5      | Reached skill level 8 in Maces & Flails
  4984 | D:5      | Reached XP level 8. HP: 77/77 MP: 7/7
  5118 | D:5      | Reached skill level 9 in Maces & Flails
  5478 | D:5      | Reached skill level 10 in Fighting
  5694 | D:6      | Identified the +0 pair of boots of Niabah {Harm rElec Int+4
                  | Dex-2}
  5750 | D:6      | Found a hide-covered altar of Uskayaw.
  5773 | D:6      | Found a staircase to the Ecumenical Temple.
  5814 | D:6      | Found a glowing drain.
  5835 | D:6      | Reached skill level 10 in Maces & Flails
  5836 | Sewer    | Entered a sewer
  6224 | Sewer    | Reached XP level 9. HP: 85/86 MP: 8/8
  6569 | Temple   | Entered the Ecumenical Temple
  6685 | Temple   | Became a worshipper of Warmaster Okawaru
  6736 | D:6      | Found Elimic's Antique Armour Boutique.
  6790 | D:6      | Found an opulent altar of Gozag.
  6802 | D:6      | Found a shimmering altar of Xom.
  7207 | D:6      | Found a glowing silver altar of Zin.
  7535 | D:7      | Reached * piety under Okawaru
  7538 | D:7      | Reached skill level 11 in Maces & Flails
  7549 | D:7      | Reached skill level 5 in Armour
  8652 | D:8      | Gained mutation: Your body sometimes deteriorates upon
                  | taking damage. [potion of mutation]
  8652 | D:8      | Gained mutation: You are occasionally teleported next to
                  | monsters. [potion of mutation]
  8652 | D:8      | Gained mutation: You are weak. (Str -2) [potion of
                  | mutation]
  8653 | D:8      | Lost mutation: You are weak. (Str -2) [potion of mutation]
  8653 | D:8      | Lost mutation: Your body sometimes deteriorates upon taking
                  | damage. [potion of mutation]
  8653 | D:8      | Gained mutation: You have a pair of large horns on your
                  | head. [potion of mutation]
  8653 | D:8      | Gained mutation: You sometimes lose the ability to read
                  | scrolls when taking damage. [potion of mutation]
  8821 | D:8      | Reached skill level 12 in Maces & Flails
  8837 | D:8      | Noticed a death drake
  8845 | D:8      | a death drake changed into a floating eye
  8850 | D:8      | Noticed a death drake
  8850 | D:8      | a floating eye changed into a death drake
  8856 | D:8      | HP: 3/89 [death drake (shapeshifter)] (8)]
  8856 | D:8      | Succumbed to a death drake's dark miasma

Illustrated notes

Levels and vault maps discovered:
D:1:      lightli_arrival_noodles, layout_loops_ring, serial_aquarium,
          aquarium_bridge_straight [aquarium_subvault_bridge,
          aquarium_subvault_wall, aquarium_subvault_bridge,
          aquarium_subvault_wall], aquarium_window_corridor_3,
          aquarium_window_1, aquarium_view_2f, aquarium_view_2a,
          aquarium_balcony_1b, aquarium_pool_1,
          hellmonk_ecumenical_altar_pennies_from_heaven
D:2:      layout_basic
D:3:      layout_basic, minivault_26
D:4:      layout_basic, serial_forest, infiniplex_forest_straight_4,
          infiniplex_forest_3_way, infiniplex_forest_clump_cross,
          infiniplex_forest_lined_3_way, infiniplex_forest_3_way,
          infiniplex_forest_clump_small, infiniplex_forest_lined_1,
          infiniplex_forest_straight_4, minmay_hedge_maze, st_stairs_12,
          dk_noncrumbling_2, minmay_manual_mares, uniq_edmund, uniq_sigmund
D:5:      minmay_evil_eye, layout_loops_cross, minmay_misc_feat_square
D:6:      layout_loops_corners, zin_treasury, amethyst_overflow_temple_binary,
          mainiacjoe_overflow_brackets, minmay_temple_entry_arrows,
          serial_shops, nicolae_shop_advertising_works
          [nicolae_subvault_shop_adworks], cheibrodos_sewer_entry_drain
D:7:      layout_layer_cave
D:8:      layout_basic, hangedman_misty_isle, uniq_prince_ribbit1
Temple:   kb_temple_of_zot

Skill      XL: |  1  2  3  4  5  6  7  8  9 |
---------------+----------------------------+-----
Fighting       | 4 5 6 7 8 10 11 | 11.0
Maces & Flails | 3 4 5 7 8 10 12 | 12.1
Armour         | 7 |  7.0
Shields        | |  3.6

Action                   |  1- 3 |  4- 6 |  7- 9 || total
-------------------------+-------+-------+-------++-------
Melee: Flail             |    21 |       |       ||    21
       Headbutt          |     8 |    13 |    54 ||    75
       Dagger            |    35 |   140 |   326 ||   501
Invok: Heroism           |       |       |     1 ||     1
  Use: Potion            |       |     3 |     3 ||     6
       Scroll            |       |       |     8 ||     8
Armor: Scale mail        |    14 |    45 |       ||    59
       Chain mail        |       |    16 |   102 ||   118
       Plate armour      |       |       |    87 ||    87
Dodge: Dodged            |    19 |    40 |    97 ||   156
Block: Buckler           |    12 |    25 |    54 ||    91
